 Dungeon Crawl Stone Soup version 0.28-a0-1429-gf3d713df7a (webtiles) character file.

Game seed: 15487923824725901274

2030 pokeman the Thaumaturge (level 9, -2/48 HPs)
             Began as a Deep Elf Hedge Wizard on Jan 8, 2022.
             Was a Follower of Vehumet.
             Slain by a hornet zombie (4 damage)
             ... on level 7 of the Dungeon.
             The game lasted 00:17:28 (7881 turns).

pokeman the Thaumaturge (Deep Elf Hedge Wizard)     Turns: 7881, Time: 00:17:29

Health: -2/48      AC:  3    Str:  7    XL:     9   Next: 3%
Magic:  11/25      EV: 12    Int: 24    God:    Vehumet [*.....]
Gold:   357        SH:  0    Dex: 14    Spells: 4/29 levels left

rFire   . . .      SeeInvis .   s - +0 dagger (venom)
rCold   . . .      Faith    .   (no shield)
rNeg    . . .      Spirit   .   q - +0 leather armour
rPois   .          Reflect  .   c - +0 hat
rElec   .          Harm     .   (no cloak)
rCorr   .          Rampage  .   (no gloves)
Will    .....                   (no boots)
Stlth   ++........              (no amulet)
HPRegen 0.16/turn               (no ring)
MPRegen 0.19/turn               (no ring)

@: no status effects
A: no striking features
a: Renounce Religion


You were on level 7 of the Dungeon.
You worshipped Vehumet.
Vehumet was aware of your devotion.
You visited 1 branch of the dungeon, and saw 7 of its levels.

You collected 357 gold pieces.

Inventory:

Hand Weapons
 l - a +0 shortbow
 s - a +0 dagger of venom (weapon)
 y - a +0 whip of electrocution
Missiles
 h - 86 arrows
 t - 54 bolts
Armour
 c - a +0 hat (worn)
 i - a +0 kite shield
 q - a +0 leather armour (worn)
 r - an orb of light
 x - the +0 ring mail of Undesirable Species {rF+ rC+}
   (You found it on level 5 of the Dungeon)

   rF:        It protects you from fire.
   rC:        It protects you from cold.
 D - an orb of mayhem
Wands
 m - a wand of iceblast (10)
Scrolls
 e - 2 scrolls of fear {unknown}
 f - 3 scrolls of teleportation {unknown}
 g - 5 scrolls of identify {unknown}
 j - 2 scrolls of amnesia {unknown}
 k - 4 scrolls of enchant weapon {unknown}
 p - a scroll of brand weapon {unknown}
 u - a scroll of magic mapping {unknown}
 w - a scroll of enchant armour {unknown}
Potions
 a - 3 potions of degeneration {unknown}
 b - 3 potions of haste {unknown}
 d - a potion of brilliance {unknown}
 n - 2 potions of heal wounds {unknown}
 o - a potion of might {unknown}
 v - a potion of invisibility {unknown}
 z - a potion of mutation {unknown}
 A - a potion of flight {unknown}
 B - 2 potions of berserk rage {unknown}
 C - 2 potions of curing {unknown}


   Skills:
 - Level 2.0 Fighting
 - Level 3.0 Armour
 - Level 3.0 Dodging
 - Level 3.0 Stealth
 + Level 1.0 Shields
 * Level 10.5 Spellcasting
 + Level 5.6 Conjurations
 - Level 1.1 Summonings
 - Level 1.1 Translocations
 - Level 1.1 Transmutations
 + Level 4.3 Fire Magic
 - Level 1.0 Ice Magic
 - Level 1.1 Air Magic
 + Level 0.8 Earth Magic
 - Level 1.0 Poison Magic
 - Level 1.3 Evocations


You had 4 spell levels left.
You knew the following spells:

 Your Spells              Type           Power      Damage    Failure   Level
a - Magic Dart            Conj           100%       1d8       1%          1
b - Mephitic Cloud        Conj/Pois/Air  25%        N/A       8%          3
c - Call Imp              Summ           17%        N/A       7%          2
d - Blink                 Tloc           34%        N/A       7%          2
e - Conjure Flame         Conj/Fire      36%        6-21      2%          3
f - Flame Wave            Conj/Fire      36%        2d7       10%         4
g - Stone Arrow           Conj/Erth      56%        3d10      6%          3
h - Freezing Cloud        Conj/Ice/Air   12%        6-21      56%         5
i - Wereblood             Tmut           18%        N/A       7%          2

Your spell library contained the following spells:

 Spells                   Type           Power      Damage    Failure   Level
 Sandblast                Erth           32%        2d9       5%          1
 Scorch                   Fire           66%        2d8       1%          2
 Beastly Appendage        Tmut           36%        N/A       4%          1
 Slow                     Hex            48%        N/A       8%          1
 Passwall                 Tmut/Erth      14%        N/A       8%          2
 Spider Form              Tmut/Pois      17%        N/A       14%         3
 Iskenderun's Mystic Bla  Conj/Tloc      28%        2d7       19%         4
 Fulminant Prism          Conj/Hex       13%        3d9       22%         4
 Lee's Rapid Deconstruct  Erth           8%         3d8*      82%         5
 Simulacrum               Ice/Necr       7%         N/A       100%        6
 Summon Cactus Giant      Summ           8%         N/A       100%        6
 Polar Vortex             Ice            8%         N/A       100%        9


Dungeon Overview and Level Annotations

Branches:
Dungeon (7/15)             Temple (0/1) D:6

Altars:
Dithmenos
Uskayaw
Vehumet
Xom

Annotations:
D:3 3 runed translucent doors, Atlas's ghost, amateur DsIE; croobank's ghost, amateur DgDe; eustatius's ghost, weakling GrFi; flotson's ghost, amateur DsGl
D:5 5 runed translucent doors
D:7 Harold


Message History

Unknown command.
Casting: Call Imp (safe; 7% risk of failure)
Confirm with . or Enter, or press ? or * to list all spells.
The fire begins to smoulder!
You feel stable enough to blink again.
Your white imp hits the kobold.
The kobold dies!
Vehumet accepts your kill.
An orc comes into view. It is wielding a +0 dagger.
Your white imp gestures at the hornet zombie.
The puff of frost hits the hornet zombie.
The hornet zombie completely resists.
The fire ignites!
Unknown command.
Unknown command.
The hornet zombie hits your white imp.
Casting: Conjure Flame (dangerous; 2% risk of failure)
Confirm with . or Enter, or press ? or * to list all spells.
Aiming: Magic Dart (safe; 1% risk of failure)
Press: ? - help, Shift-Dir - straight line, f - orc
Aim: an orc, wielding a +0 dagger (100% to hit)
The magic dart hits the orc!
You kill the orc!
Vehumet accepts your kill.
You feel your power returning.
The kobold hits your white imp with a +0 short sword.
Your white imp hits the kobold.
Your white imp freezes the kobold.
The kobold dies!
Vehumet accepts your kill. The hornet zombie hits you.
The hornet zombie hits you.
* * * LOW HITPOINT WARNING * * *
A kobold comes into view.
It is wielding a +0 short sword of venom.
Casting: Magic Dart (safe; 1% risk of failure)
Confirm with . or Enter, or press ? or * to list all spells.
The fire begins to smoulder!
The hornet zombie hits you!
* * * LOW HITPOINT WARNING * * *
The kobold throws a stone.
The stone hits your white imp.
Unknown command.
The hornet zombie hits you.
You die...

##### #
#<$.#.#
#K.K..#
########)..###
.......5#Z##
..#####§#.#
..#####@#.#
..)....§ZK#
..#####.###
..# ####


You could see a hornet zombie (ally target), 2 kobolds and a friendly white imp
(summoned).

Vanquished Creatures
  Menkaure (D:7)
  2 orc warriors
  A necrophage (D:6)
  A centaur (D:7)
  4 ogres
  3 phantoms
  A water moccasin zombie (D:3)
  A scorpion (D:6)
  A water moccasin skeleton (D:4)
  6 electric eels (D:6)
  A bullfrog zombie (D:7)
  2 hounds (D:5)
  3 centaur zombies
  2 orc priests (D:7)
  A bullfrog skeleton (D:6)
  A centaur skeleton (D:6)
  An iguana (D:4)
  An orc wizard (D:6)
  A hound zombie (D:5)
  2 hound skeletons
  5 adders
  A white imp (D:6)
  An adder zombie (D:4)
  4 worms
  A dart slug (D:1)
  11 orcs
  8 ball pythons
  11 endoplasms
  3 giant cockroaches
  8 goblins
  11 hobgoblins
  3 jackals (D:5)
  7 kobolds
  2 quokkas
  4 bats
  3 frilled lizards
  12 rats
131 creatures vanquished.

Vanquished Creatures (collateral kills)
  2 kobolds (D:7)
2 creatures vanquished.

Vanquished Creatures (others)
  An electric eel (D:6)
  2 orcs (D:6)
  16 plants (D:6)
19 creatures vanquished.

Grand Total: 152 creatures vanquished

Notes
Turn   | Place    | Note
-------+----------+-------------------------------------------
     0 | D:1      | pokeman the Deep Elf Hedge Wizard began the quest for the
                  | Orb.
     0 | D:1      | Reached XP level 1. HP: 10/10 MP: 7/7
   179 | D:1      | Reached XP level 2. HP: 12/15 MP: 2/9
   509 | D:1      | Reached skill level 5 in Spellcasting
   795 | D:1      | Reached XP level 3. HP: 20/20 MP: 7/11
   799 | D:1      | Learned a level 3 spell: Mephitic Cloud
   802 | D:1      | Learned a level 2 spell: Call Imp
   805 | D:1      | Learned a level 2 spell: Blink
   809 | D:1      | Learned a level 3 spell: Conjure Flame
  1113 | D:2      | Found a faded altar of an unknown god.
  1329 | D:2      | You fall into a shaft and drop 2 floors!
  1329 | D:4      | Found a hide-covered altar of Uskayaw.
  1336 | D:4      | Reached skill level 1 in Armour
  1428 | D:4      | Reached skill level 1 in Fighting
  1539 | D:4      | Reached XP level 4. HP: 17/25 MP: 4/13
  1738 | D:4      | Noticed an ogre
  1766 | D:4      | Killed an ogre
  1767 | D:4      | Reached skill level 6 in Spellcasting
  1767 | D:4      | Reached XP level 5. HP: 29/29 MP: 2/15
  1884 | D:4      | Reached skill level 1 in Shields
  2017 | D:3      | Reached skill level 1 in Fire Magic
  2120 | D:3      | Found a runed translucent gate.
  2120 | D:3      | Found a runed translucent gate.
  2120 | D:3      | Found a runed translucent gate.
  2140 | D:3      | Noticed flotson's ghost (amateur DsGl)
  2140 | D:3      | Noticed croobank's ghost (amateur DgDe)
  2142 | D:3      | Noticed eustatius's ghost (weakling GrFi)
  2142 | D:3      | Noticed Atlas's ghost (amateur DsIE)
  2550 | D:3      | Found a radiant altar of Vehumet.
  2629 | D:4      | Reached XP level 6. HP: 25/34 MP: 12/17
  2710 | D:4      | Noticed an orc warrior
  2727 | D:4      | Killed an orc warrior
  2728 | D:4      | Reached skill level 7 in Spellcasting
  2728 | D:4      | Reached skill level 1 in Air Magic
  2728 | D:4      | Reached skill level 1 in Evocations
  2907 | D:3      | Became a worshipper of Vehumet
  3507 | D:2      | Found a shimmering altar of Xom.
  4380 | D:4      | Reached skill level 1 in Poison Magic
  4654 | D:5      | Entered Level 5 of the Dungeon
  4667 | D:5      | Identified the +0 ring mail of Undesirable Species {rF+
                  | rC+}
  4751 | D:5      | Reached XP level 7. HP: 28/38 MP: 12/20
  4832 | D:5      | Reached * piety under Vehumet
  4832 | D:5      | Offered knowledge of Sandblast by Vehumet.
  5010 | D:5      | Reached skill level 8 in Spellcasting
  5220 | D:5      | Learned a level 5 spell: Freezing Cloud
  5307 | D:5      | Learned a level 4 spell: Flame Wave
  5461 | D:5      | Learned a level 2 spell: Wereblood
  5510 | D:5      | Reached skill level 1 in Ice Magic
  5636 | D:5      | Found the +9 staff of Olgreb {rPois∞}
  5642 | D:5      | Found a runed translucent door.
  5647 | D:5      | Found a runed translucent gate.
  5647 | D:5      | Found a runed translucent gate.
  5647 | D:5      | Noticed a redback
  5648 | D:5      | Found a runed translucent door.
  5658 | D:5      | Found a runed translucent gate.
  5660 | D:5      | Noticed a redback
  6089 | D:6      | Reached skill level 1 in Transmutations
  6089 | D:6      | Reached XP level 8. HP: 44/44 MP: 6/22
  6204 | D:6      | Found a shadowy altar of Dithmenos.
  6719 | D:6      | Reached skill level 9 in Spellcasting
  6939 | D:6      | Reached skill level 5 in Conjurations
  7131 | D:6      | Found a staircase to the Ecumenical Temple.
  7544 | D:6      | Reached skill level 10 in Spellcasting
  7784 | D:7      | Learned a level 3 spell: Stone Arrow
  7820 | D:7      | Noticed Menkaure
  7825 | D:7      | Killed Menkaure
  7827 | D:7      | Reached XP level 9. HP: 25/48 MP: 12/25
  7827 | D:7      | Noticed Harold
  7880 | D:7      | HP: 2/48 [hornet zombie (10)]
  7881 | D:7      | Slain by a hornet zombie

Illustrated notes

Levels and vault maps discovered:
D:1:      psy_arrival_dodecagon, layout_basic
D:2:      layout_loops_corners, nicolae_ecumenical_pavilion, basic_altar
D:3:      cheibrodos_greedy_goblins, layout_loops_cross,
          nicolae_overflow_hidden_temple, gammafunk_ghost_cemetery,
          corexii_shack, chequers_serial_rivers_large_b, st_stairs_10
D:4:      layout_rooms, nicolae_uskayaw_suspiria
D:5:      layout_basic, minmay_guarded_unrand_staff_of_olgreb
D:6:      wad_lake_hut, layout_rooms, nicolae_dithmenos_shadow_blocks,
          minmay_temple_entry_overgrown, kennysheep_generic_room_10
D:7:      layout_loops_cross, enter_bailey_2, minmay_shop_damaged, uniq_harold,
          uniq_duvessa, uniq_menkaure

Skill      XL: |  1  2  3  4  5  6  7  8 |
---------------+-------------------------+-----
Spellcasting   | 5 6 7 8 10 | 10.5
Armour         | 1 3 |  3.0
Fighting       | 1 2 |  2.0
Conjurations   | 2 3 4 5 |  5.6
Dodging        | 3 |  3.0
Shields        | 1 |  1.0
Stealth        | 3 |  3.0
Fire Magic     | 1 2 4 |  4.3
Air Magic      | 1 |  1.1
Evocations     | 1 |  1.3
Poison Magic   | 1 |  1.0
Ice Magic      | 1 |  1.0
Transmutations | 1 |  1.1
Summonings     | |  1.1
Translocations | |  1.1
Earth Magic    | |  0.8

Action                   |  1- 3 |  4- 6 |  7- 9 || total
-------------------------+-------+-------+-------++-------
Melee: Dagger            |    14 |    25 |    40 ||    79
       Punch             |       |     1 |     2 ||     3
 Cast: Magic Dart        |    84 |   115 |   134 ||   333
       Blink             |       |     1 |     2 ||     3
       Call Imp          |       |     1 |     1 ||     2
       Conjure Flame     |       |     6 |    11 ||    17
       Mephitic Cloud    |       |     3 |    17 ||    20
       Stone Arrow       |       |       |     3 ||     3
 Stab: Confused          |       |     3 |     2 ||     5
       Sleeping          |       |     1 |       ||     1
Armor: Robe              |     6 |       |       ||     6
       Leather armour    |       |     1 |    10 ||    11
Dodge: Dodged            |    12 |    13 |    47 ||    72

Table legend: (Time is in decaauts)
 A = Elapsed time spent in this place.
 B = Non-inter-level travel time spent in this place.
 C = Inter-level travel time spent in this place.
 D = Time resting spent in this place.
 E = Time spent auto-exploring this place.
 F = Levels seen in this place.
 G = Mean time per level.
                   A        B        C        D        E       F      G
               +--------+--------+--------+--------+--------+-----+--------+
         Total |   7952 |   7516 |    436 |    293 |   6148 |   7 | 1136.0 |
       Dungeon |   7952 |   7516 |    436 |    293 |   6148 |   7 | 1136.0 |
               +--------+--------+--------+--------+--------+-----+--------+

Top non-repeatable levels by time:
     D:5: 1644 daAuts
     D:6: 1532 daAuts
     D:3: 1269 daAuts
     D:4: 1245 daAuts
     D:1: 1113 daAuts
     D:2: 1057 daAuts
     D:7: 89 daAuts
